 Dungeon Crawl Stone Soup version 0.30.1-11-g7821555f0a (webtiles) character file.

Game seed: 9212030949684016364

2027 Evah the Cleaver (level 9, -1/69 (79) HPs)
             Began as a Minotaur Gladiator on Dec 7, 2023.
             Slain by a wight
             ... wielding a +0 flail
              (4 damage)
             ... on level 6 of the Dungeon on Jan 8, 2024.
             The game lasted 00:32:02 (5300 turns).

Evah the Cleaver (Minotaur Gladiator)               Turns: 5300, Time: 00:32:03

HP:   -1/69 (79)    AC:  7    Str: 23    XL:     9   Next: 3%
MP:   8/8           EV: 13    Int:  5    God:
Gold: 164           SH:  0    Dex: 12    Spells: 8/8 levels left

rFire   + . .        w - +7 flail of the Doomed Warrior {heavy, rCorr}
rCold   . . .        (no shield)
rNeg    . . .        t - +2 ring mail {rF+}
rPois   .            c - +0 hat
rElec   .            (no cloak)
rCorr   +            (no gloves)
SInv    .            (no boots)
Will    .....        (no amulet)
Stlth   +            (no ring)
HPRegen 0.31/turn    (no ring)
MPRegen 0.11/turn

%: no passive effects
@: heavily drained
A: horns 2, retaliatory headbutt
a: no special abilities


You were on level 6 of the Dungeon.
You visited 1 branch of the dungeon, and saw 6 of its levels.

You collected 222 gold pieces.
You spent 58 gold pieces at shops.

Inventory:

Hand Weapons
 a - a +0 war axe of flaming
 h - a +0 mace
 j - a +1 short sword of speed
 w - the +7 flail of the Doomed Warrior (weapon) {heavy, rCorr}
   (You took it off a kobold on level 3 of the Dungeon)

   rCorr:     It protects you from acid and corrosion.
 y - a +1 dagger of venom
 B - a +0 halberd
 C - a +5 quarterstaff of chaos
 D - a +0 hammer
 E - a +0 whip of freezing
Missiles
 d - 3 throwing nets (quivered)
 e - 3 javelins
 g - 48 stones
 u - 6 atropa-tipped darts
 x - 8 poisoned darts
 I - 6 large rocks
Armour
 b - a +0 leather armour
 c - a +0 hat (worn)
 p - a +0 plate armour
 t - a +2 ring mail of fire resistance (worn)
 G - a +0 buckler
Magical Staves
 l - a staff of fire
Jewellery
 q - a ring of ice
 z - a ring of see invisible
 K - a +6 ring of dexterity
Wands
 F - a wand of polymorph (11)
Scrolls
 o - 2 scrolls of vulnerability
 r - 2 scrolls of magic mapping
 s - a scroll of brand weapon
 H - a scroll of fog
 J - a scroll of poison
Potions
 f - 3 potions of curing
 i - a potion of degeneration {unknown}
 k - a potion of mutation {unknown}
 m - a potion of lignification {unknown}
 v - a potion of might {unknown}
 A - a potion of cancellation {unknown}
 L - a potion of brilliance {unknown}


   Skills:
 + Level 7.4 Fighting
 + Level 8.0 Axes
 + Level 6.2 Throwing
 + Level 7.2 Dodging


You had 8 spell levels left.
You didn't know any spells.
Your spell library was empty.

Dungeon Overview and Level Annotations

Branches:
Dungeon (6/15)
 Temple: D:4-7

Altars:

Shops:
D:5 **

Annotations:
D:6 Eustachio


Innate Abilities, Weirdness & Mutations

You have a pair of horns on your head.
You reflexively headbutt those who attack you in melee.


Message History

The wight hits you with a +0 mace. The wight closely misses you.
You furiously retaliate!
You headbutt the wight.
You feel sick. The wight hits you but does no damage.
You closely miss the wight.
The wight is lightly damaged.
You feel sick. The wight barely misses you. You furiously retaliate!
You headbutt the wight, but do no damage.
The wight hits you with a +0 mace.
You feel drained. The wight hits you with a +0 mace.
You feel drained. The wight barely misses you. You furiously retaliate!
You headbutt the wight! You sock the wight!
You destroy the wight!
You feel sick.
You are no longer poisoned.
The wight barely misses you. The wight hits you with a +0 mace!
* * * LOW HITPOINT WARNING * * *
You feel drained.
* * * LOW HITPOINT WARNING * * *
Your Axes skill increases to level 8!
Unknown command.
Okay, then.
You feel much better. The wight hits you with a +0 flail.
The wight hits you with a +0 mace.
You closely miss the wight. The wight completely misses you.
The wight closely misses you.
You completely miss the wight. You headbutt the wight.
The wight is severely damaged.
The wight hits you but does no damage. The wight closely misses you.
The wight completely misses you. You furiously retaliate!
You headbutt the wight. The wight closely misses you. You furiously retaliate!
You headbutt the wight. You barely miss the wight.
Your headbutt misses the wight.
The wight is almost destroyed.
The wight hits you with a +0 flail!
You feel drained. The wight hits you with a +0 mace!
* * * LOW HITPOINT WARNING * * *
The wight misses you. The wight hits you with a +0 flail!
* * * LOW HITPOINT WARNING * * *
You feel drained.
You die...

...........#
...........#
.........<.##
.........#..########
#........#.........#
.....#.....#.#.#.#.#
#...<...##.........#
####.....#.#.#.#.#.#
##...........@z.#
#...#....#.#.#z#.#
#...#..........)..###
.....##....#.#.#)#...##
..... ##..............#
..... .).(.........#....
...................##..#
.?.............#..#
.........###...##


You could see 2 wights.

Vanquished Creatures
  Pikel (D:5)
  The ghost of monsoonserge the Covered, a novice DsWr (D:4)
  Menkaure (D:5)
  An ice beast (D:6)
  2 ogres
  A lemure (D:5)
  3 phantoms
  3 scorpions
  2 wights (D:6)
  A hound (D:5)
  2 jellies
  Crazy Yiuf (D:3)
  An iguana (D:5)
  A sleepcap (D:5)
  Natasha (twice) (D:4)
  4 gnolls (D:4)
  6 adders
  An ufetubus (D:5)
  3 worms
  A dart slug (D:1)
  13 orcs
  5 endoplasms
  A giant cockroach (D:4)
  3 goblins
  5 hobgoblins
  7 jackals (D:1)
  A quokka (D:3)
  7 ball pythons
  A bat (D:1)
  3 frilled lizards
  8 kobolds
  5 rats
97 creatures vanquished.

Notes
Turn   | Place    | Note
-------+----------+-------------------------------------------
     0 | D:1      | Evah the Minotaur Gladiator began the quest for the Orb.
     0 | D:1      | Reached XP level 1. HP: 18/18 MP: 0/0
   144 | D:1      | Reached XP level 2. HP: 25/25 MP: 1/1
   237 | D:1      | Found a faded altar of an unknown god.
   486 | D:1      | Reached skill level 4 in Axes
   551 | D:1      | You fall into a shaft and drop 1 floor!
   700 | D:2      | HP: 1/25 [frozen (5)]
   888 | D:2      | Reached XP level 3. HP: 29/31 MP: 2/2
  1844 | D:3      | Reached XP level 4. HP: 38/38 MP: 3/3
  2071 | D:3      | Identified the +7 flail of the Doomed Warrior {heavy,
                  | rCorr}
  2231 | D:3      | Found a runed translucent door.
  2232 | D:3      | Noticed Crazy Yiuf
  2514 | D:3      | Killed Crazy Yiuf
  2688 | D:4      | Noticed Natasha
  2695 | D:4      | Killed Natasha
  2696 | D:4      | Reached XP level 5. HP: 35/46 MP: 4/4
  3232 | D:4      | Noticed Natasha
  3234 | D:4      | Noticed a phantom
  3245 | D:4      | Killed Natasha
  3246 | D:4      | Reached skill level 5 in Axes
  3255 | D:4      | Killed a phantom
  3256 | D:4      | Reached XP level 6. HP: 41/53 MP: 5/5
  3457 | D:4      | Found a runed translucent gate.
  3458 | D:4      | Found a runed translucent gate.
  3460 | D:4      | Found a runed translucent gate.
  3463 | D:4      | Noticed monsoonserge's ghost (novice DsWr)
  3821 | D:4      | Reached skill level 5 in Dodging
  3982 | D:4      | Killed monsoonserge's ghost
  3983 | D:4      | Reached skill level 5 in Fighting
  3983 | D:4      | Reached skill level 6 in Axes
  3983 | D:4      | Reached XP level 7. HP: 55/61 MP: 6/6
  4132 | D:5      | Entered Level 5 of the Dungeon
  4159 | D:5      | Found Xiaguwaps's General Store.
  4269 | D:5      | Noticed Menkaure
  4329 | D:4      | Reached skill level 5 in Throwing
  4329 | D:4      | Reached XP level 8. HP: 68/70 MP: 7/7
  4385 | D:5      | Noticed Pikel
  4393 | D:5      | Killed Pikel
  4394 | D:5      | Reached skill level 7 in Axes
  4497 | D:5      | Found Natz's General Store.
  4501 | D:5      | Bought a +0 buckler for 58 gold pieces
  4743 | D:5      | Killed Menkaure
  5021 | D:6      | Noticed Eustachio
  5289 | D:6      | Reached XP level 9. HP: 79/79 MP: 8/8
  5296 | D:6      | Reached skill level 8 in Axes
  5300 | D:6      | HP: 3/72 [wight/+0 flail (12)]
  5300 | D:6      | Slain by a wight

Illustrated notes

Levels and vault maps discovered:
D:1:      lemuel_arrival_rhombus, layout_rooms,
          shapermc_ecumenical_altar_mp_highgroup
D:2:      layout_rooms
D:3:      layout_basic, supply_closet_lemuel, chequers_serial_rivers_micro_b,
          uniq_crazy_yiuf_cottage
D:4:      layout_cave_pods, ebering_ghost_rock_garden, uniq_natasha
D:5:      layout_loops_ring, serial_shops, shop, nicolae_shop_statue_plus,
          uniq_pikel, uniq_menkaure
D:6:      layout_cave_pools, mainiacjoe_overflow_paths,
          grunt_temple_overflow_open, serial_glass, glass_columns_b,
          glass_columns_a, glass_columns_c, gammafunk_ghost_arena,
          uniq_blork_the_orc, uniq_eustachio

Skill      XL: |  1  2  3  4  5  6  7  8  9 |
---------------+----------------------------+-----
Axes           | 4 5 6 7 8 |  8.0
Fighting       | 3 4 5 7 |  7.4
Dodging        | 4 5 6 7 |  7.2
Throwing       | 3 4 5 6 |  6.2

Action                     |  1- 3 |  4- 6 |  7- 9 || total
---------------------------+-------+-------+-------++-------
  Melee: War axe           |    93 |   100 |    57 ||   250
         Headbutt          |    14 |    16 |    16 ||    46
         Punch             |     3 |       |       ||     3
         Flail             |       |       |     8 ||     8
    Use: Scroll            |     2 |     5 |     5 ||    12
         Potion            |       |     2 |     1 ||     3
 Armour: Leather armour    |    16 |       |       ||    16
         Plate armour      |    15 |       |       ||    15
         Ring mail         |     5 |    35 |    20 ||    60
  Dodge: Dodged            |    69 |    55 |    60 ||   184
